 Dungeon Crawl Stone Soup version 0.25.1-2-g60ff931df9 (webtiles) character file.

Game seed: 15641991949398932482

109 hawla the Stinger (level 4, -5/33 HPs)
             Began as a Draconian Venom Mage on Nov 12, 2020.
             Slain by an orc priest
             ... wielding a +0 war axe
              (10 damage)
             ... on level 3 of the Dungeon.
             The game lasted 00:07:30 (3036 turns).

hawla the Stinger (Draconian Venom Mage)            Turns: 3036, Time: 00:07:30

Health: -5/33      AC:  5    Str: 10    XL:     4   Next: 60%
Magic:  4/7        EV: 12    Int: 17    God:
Gold:   104        SH:  0    Dex: 11    Spells: 0/7 levels left

rFire    . . .     SeeInvis .   (no weapon)
rCold    . . .     Gourm    .   (no shield)
rNeg     . . .     Faith    .   (armour unavailable)
rPois    .         Spirit   .   (helmet restricted)
rElec    .         Reflect  .   (no cloak)
rCorr    .         Harm     .   (no gloves)
MR       .....                  (no boots)
Stlth    ++........             (no amulet)
HPRegen  0.11/turn              (no ring)
MPRegen  0.10/turn              (no ring)

@: about to teleport
A: unfitting armour, cold-blooded, AC +5
a: no special abilities


You were on level 3 of the Dungeon.
You were hungry.

You visited 1 branch of the dungeon, and saw 3 of its levels.

You collected 104 gold pieces.

Inventory:

Missiles
 g - 2 boomerangs (quivered)
Potions
 c - a potion of might
 d - a potion of curing
 e - a potion of haste {unknown}
 f - a potion of berserk rage {unknown}
 i - a potion of stabbing {unknown}
 k - a potion of heal wounds {unknown}
 l - a potion of invisibility {unknown}
Comestibles
 b - 4 rations


   Skills:
 - Level 2.0 Dodging
 - Level 1.8 Stealth
 - Level 2.2 Spellcasting
 + Level 2.5 Transmutations
 + Level 1.6 Air Magic
 + Level 4.0 Poison Magic


You couldn't memorise any spells.
You knew the following spells:

 Your Spells              Type           Power        Failure   Level  Hunger
a - Sting                 Tmut/Pois      ##..         4%          1    #......
b - Poisonous Vapours     Pois/Air       ##....       9%          2    ###....
c - Olgreb's Toxic Radia  Pois           ###.....     36%         4    #####..

Your spell library contained the following spells:

 Spells                   Type           Power        Failure   Level  Hunger
 Ignite Poison            Fire/Tmut/Pois #.......     22%         3    ###....
 Mephitic Cloud           Conj/Pois/Air  #.......     26%         3    ###....
 Confusing Touch          Hex            #.......     50%         3    ###....
 Gell's Gravitas          Tloc           #.........   50%         3    ###....
 Petrify                  Tmut/Erth      #.......     73%         4    #####..
 Yara's Violent Unravell  Hex/Tmut       #.........   97%         5    ######.
 Metabolic Englaciation   Hex/Ice        #.........   99%         5    ######.


Dungeon Overview and Level Annotations

Branches:
Dungeon (3/15)

Altars:


Innate Abilities, Weirdness & Mutations

Your plain brown scales are hard. (AC +5)
You cannot fit into any form of body armour.
You are cold-blooded and may be slowed by cold attacks.


Message History

Casting: Olgreb's Toxic Radiance (extremely dangerous; 36% risk of failure)
Confirm with . or Enter, or press ? or * to list all spells.
You don't have enough magic to cast that spell.
The orc priest looks more healthy.
The orc priest looks satisfied for a moment.
The orc priest invokes the aid of Beogh against you.
Beogh smites you!
* * * LOW HITPOINT WARNING * * *
The orc priest calls down the wrath of Beogh upon you.
Pain shoots through your body!
* * * LOW HITPOINT WARNING * * *
As you read the scroll labeled HUFFIKHLYORCH, it crumbles to dust.
You experience a momentary feeling of inescapable doom!
It was a scroll of random uselessness.
The orc priest mumbles some strange prayers to Beogh against you.
You barely resist.
As you read the scroll labeled WEOZACZ EGEFOI, it crumbles to dust.
You feel strangely unstable.
It was a scroll of teleportation.
The orc priest hits you with a +0 war axe!
You die...

### ..
######.#####
.......#.$.
#.).#....##
..........# #.
.....o..o@##...
.............#
#...#.....####
.....)..#$#
########....#
..........###
##.###<..#
#.)....#
#...###.[#


You could see 2 orc priests.

Vanquished Creatures
  An orc wizard (D:3)
  2 adders (D:2)
  An ooze (D:1)
  3 worms
  2 dart slugs (D:1)
  A leopard gecko (D:1)
  2 orcs (D:3)
  2 giant cockroaches (D:1)
  4 goblins
  3 hobgoblins
  5 jackals
  5 bats
  5 frilled lizards
  4 kobolds
  5 rats
45 creatures vanquished.

Notes
Turn   | Place    | Note
-------+----------+-------------------------------------------
     0 | D:1      | hawla the Draconian Venom Mage began the quest for the Orb.
     0 | D:1      | Reached XP level 1. HP: 14/14 MP: 3/3
   516 | D:1      | Reached XP level 2. HP: 18/20 MP: 1/5
  1016 | D:1      | Learned a level 2 spell: Poisonous Vapours
  1377 | D:1      | Reached XP level 3. HP: 26/26 MP: 2/6
  2220 | D:2      | Reached skill level 1 in Air Magic
  2388 | D:2      | Reached XP level 4. HP: 33/33 MP: 3/7
  2739 | D:2      | Learned a level 4 spell: Olgreb's Toxic Radiance
  3031 | D:3      | Reached skill level 4 in Poison Magic
  3036 | D:3      | Slain by an orc priest

Illustrated notes

Levels and vault maps discovered:
D:1:      scummos_arrival_gate, layout_loops_corners, minmay_distorted
D:2:      layout_loops_cross, kennysheep_generic_room_10
D:3:      cheibrodos_pilgrimage, layout_rooms, marbit_many_paths,
          gammafunk_temple_overflow_pools

Skill      XL: |  1  2  3  4 |
---------------+-------------+-----
Dodging        | 2 |  2.0
Transmutations | 2 |  2.5
Air Magic      | 1 |  1.6
Poison Magic   | 4 |  4.0
Stealth        | |  1.8
Spellcasting   | |  2.2

Action                   |  1- 3 |  4- 6 || total
-------------------------+-------+-------++-------
Melee: Unarmed           |    10 |       ||    10
 Cast: Sting             |    47 |     9 ||    56
       Poisonous Vapours |    22 |     2 ||    24
       Olgreb's Toxic Ra |       |     1 ||     1
  Use: Scroll            |     4 |     2 ||     6
       Potion            |     1 |       ||     1
  Eat: Chunk             |     7 |     2 ||     9
Armor: Skin              |     8 |     2 ||    10
Dodge: Dodged            |    26 |     8 ||    34
